 Dungeon Crawl Stone Soup version 0.27-a0-1595-g0b823d0a13 (webtiles) character file.

Game seed: 5409717878425698415

187271 Spaninq the Fencer (level 17, -2/241 HPs)
             Began as a Yellow Draconian Berserker on July 20, 2021.
             Was an Elder of Trog.
             Slain by a deep troll (7 damage)
             ... summoned by a boggart
             ... while paralysed by a sphinx
             ... on level 1 of the Vaults.
             The game lasted 02:02:54 (46776 turns).

Spaninq the Fencer (Yellow Draconian Berserker)    Turns: 46776, Time: 02:02:54

Health: -2/241     AC: 25    Str: 26    XL:     17   Next: 44%
Magic:  0/17       EV:  2    Int:  8    God:    Trog [****..]
Gold:   2690       SH:  0    Dex: 11    Spells: 16/16 levels left

rFire    . . .     SeeInvis +   F - +2 scimitar (flame)
rCold    + . .     Faith    .   g - +0 kite shield
rNeg     . . .     Spirit   +   (armour unavailable)
rPois    +         Reflect  .   r - +2 hat {SInv}
rElec    .         Harm     .   H - +2 cloak {rPois}
rCorr    +         Rampage  ∞   G - +2 pair of gloves of the Game of Life {rC+}
Will     +....                  y - +3 pair of seven-league boots {Rampage+∞}
Stlth    ..........             a - amulet of guardian spirit
HPRegen  0.50/turn              z - +4 ring of protection
MPRegen  0.15/turn              A - ring of Shadows {Umbra +Inv Stlth+}

@: paralysed, mighty, berserking (expiring), hasted, wreathed by umbra
A: spit acid, AC +9, unfitting armour, acidic bite, cold-blooded, acid
resistance, subdued magic 1
}: 1/15 runes: decaying
a: Breathe Acid, Renounce Religion, Evoke Invisibility, Berserk, Trog's Hand,
Brothers in Arms


You were on level 1 of the Vaults.
You worshipped Trog.
Trog was greatly pleased with you.
You visited 8 branches of the dungeon, and saw 31 of its levels.
You also visited: Ossuary.

You collected 3108 gold pieces.
You spent 418 gold pieces at shops.

Inventory:

Hand Weapons
 b - a +3 scimitar of venom
 h - a +0 fustibalus
 F - a +2 scimitar of flaming (weapon)
Armour
 g - a +0 kite shield (worn)
 r - a +2 hat of see invisible (worn)
 y - the +3 pair of seven-league boots (worn) {Rampage+∞}
   (You found it on level 10 of the Dungeon)

   Its wearer moves as far as possible in that direction when moving towards
   enemies.
 G - the +2 pair of gloves of the Game of Life (worn) {rC+}
   (You found it on level 3 of the Lair of Beasts)

   rC:        It protects you from cold.
 H - a +2 cloak of poison resistance (worn)
Jewellery
 a - an amulet of guardian spirit (around neck)
 u - a +4 ring of evasion
 x - a ring of positive energy
 z - a +4 ring of protection (left hand)
 A - the ring of Shadows (right hand) {Umbra +Inv Stlth+}
   (You found it on level 1 of the Lair of Beasts)

   [ring of stealth]

   It surrounds you with an aura of shadow, increasing your stealth and reducing
   the accuracy of all within it (including the wearer).
   +Inv:      It lets you turn invisible.
   Stlth:     It makes you more stealthy.
 M - a ring of poison resistance
Wands
 c - a wand of mindburst (14)
 d - a wand of iceblast (42)
 s - a wand of flame (79)
 t - a wand of polymorph (1)
 v - a wand of charming (12)
Scrolls
 e - 5 scrolls of fog
 k - 9 scrolls of teleportation
 l - 2 scrolls of holy word
 o - 5 scrolls of magic mapping
 p - 2 scrolls of enchant weapon
 w - 12 scrolls of identify
 D - 4 scrolls of fear
 L - a scroll of silence
Potions
 f - a potion of haste
 i - 6 potions of heal wounds
 j - 12 potions of curing
 m - 2 potions of might
 n - 6 potions of mutation
 q - 4 potions of flight
 C - 7 potions of ambrosia
 J - 3 potions of magic
Miscellaneous
 E - a lightning rod (4/4)


   Skills:
 + Level 17.0 Fighting
 * Level 17.5 Long Blades
 + Level 13.2 Dodging
 + Level 13.8 Shields
 - Level 8.0 Evocations


You had 16 spell levels left.
You didn't know any spells.
Your spell library was empty.

Dungeon Overview and Level Annotations

Branches:
Dungeon (15/15)            Temple (0/1) D:4            Lair (6/6) D:10
  Swamp (4/4) Lair:2        Snake (1/4) Lair:4        Slime (0/5) Lair:5
    Orc (2/2) D:9             Elf (1/3) Orc:2        Vaults (1/5) D:14
 Depths (1/5) D:15        Ossuary (visited)

Altars:
Gozag
Hepliaklqana
Nemelex Xobeh
Okawaru
Wu Jian
Jiyva

Shops:
Orc:1 =   Orc:2 !::**   Elf:1 [((

Annotations:
Lair:5 3 runed translucent doors, Ceusitew's ghost, journeyman TrMo
Lair:6 exclusion: 2 oklob plants
Swamp:3 Lernaean hydra


Innate Abilities, Weirdness & Mutations

You can spit globs of acid.
Your golden yellow scales are hard. (AC +9)
You cannot fit into any form of body armour.
You have acidic saliva.
You are cold-blooded and may be slowed by cold attacks.
You are resistant to acid. (rCorr)
Your spells are a little easier to cast, but a little less powerful.


Message History

* * * LOW HITPOINT WARNING * * *
The deep troll completely misses you. The deep troll barely misses you.
The yaktaur unwields a +0 arbalest.
You block the yaktaur's attack.
You slash the yaktaur! You burn the yaktaur. You bite the yaktaur.
The yaktaur is splashed with acid!
You kill the yaktaur!
Trog accepts your kill.
The ironbound preserver mumbles some strange words.
The ironbound preserver begins to accept its allies' injuries.
You block the deep troll's attack. x2
The deep troll claws you but does no damage.
You closely miss the deep troll. You slice the ironbound preserver!!
You burn the ironbound preserver!
You kill the ironbound preserver!
The ironbound preserver's corpse dissolves into shadows!
The sphinx casts a spell.
You resist with significant effort.
You stride towards the sphinx!
You slash the sphinx! You burn the sphinx. You bite the sphinx!
The sphinx is splashed with acid!
The acid corrodes the sphinx!
The sphinx is moderately wounded.
You feel yourself speed up.
The deep troll bites you but does no damage.
You block the deep troll's attack. The deep troll closely misses you.
You closely miss the sphinx.
The sphinx is moderately wounded.
The sphinx mumbles some strange words.
You suddenly lose the ability to move!
The deep troll bites you but does no damage.
The deep troll claws you but does no damage. x2
The sentinel's mark upon you fades away.
The sphinx hits you but does no damage. x3; The deep troll bites you!
* * * LOW HITPOINT WARNING * * *
The deep troll claws you!
* * * LOW HITPOINT WARNING * * *
The deep troll claws you but does no damage.
The sphinx hits you.
* * * LOW HITPOINT WARNING * * *
The sphinx hits you but does no damage. x2; The deep troll bites you!
You die...

#......########
#......'.#.#..
#......##.#c#
#.....g#.#.#
.'.....g##T##
..#.....gpT#T#
#
..#......#c.##
.# ########T#H#
#.#
##@#######.##
#.#)#.#)#)#.#
##.#.#.#)#.#
#.#.#...#)#.#
#############


You could see a sphinx (corroded), 2 deep trolls, an ironbound convoker, a
yaktaur and 2 boggarts.

Vanquished Creatures
  A tentacled monstrosity (Swamp:1)
  Asterion (Elf:1)
  A vault warden (Vaults:1)
  2 ironbound preservers (Vaults:1)
  A ghoul (D:13)
  A deep elf demonologist (Elf:1)
  3 bunyips (Swamp:2)
  4 dire elephants
  Snorg (D:11)
  4 eleionomae
  A yaktaur captain (D:14)
  Josephine (Orc:2)
  A shambling mangrove (Swamp:4)
  A deep elf high priest (Elf:1)
  An ironbound thunderhulk (Vaults:1)
  2 boulder beetles
  4 vault guards (D:14)
  A ghost crab (Swamp:2)
  2 ogre magi
  2 catoblepae
  29 hydras
  An anaconda (Snake:1)
  3 centaur warriors
  4 alligators
  12 two-headed ogres
  2 dancing weapons (Elf:1)
  A death yak (Lair:6)
  3 orc high priests (Orc:2)
  A spectral dire elephant (Lair:6)
  A shock serpent (Lair:4)
  Urug (Orc:2)
  A spriggan (Swamp:3)
  A naga sharpshooter (Lair:4)
  4 deep elf knights
  Sonja (Lair:5)
  3 goliath frogs
  3 spectral death yaks (Lair:6)
  2 skeletal warriors (D:13)
  9 swamp dragons
  2 spriggan druids (Swamp:2)
  A spectral anaconda (Lair:6)
  9 bog bodies
  An obsidian statue (Lair:6)
  2 deep elf archers (Elf:1)
  A glowing orange brain (Vaults:1)
  5 orc knights
  An ironbound convoker (Vaults:1)
  A wolf spider zombie (D:13)
  A wolf spider (shapeshifter) (Elf:1)
  11 ugly things
  3 deep elf pyromancers (Elf:1)
  3 necromancers (Lair:6)
  4 orc sorcerers
  9 deep elf zephyrmancers
  A wolf spider (D:15)
  A harpy (Vaults:1)
  6 will-o-the-wisps
  4 cyclopes
  23 elephants
  2 manticores
  A vault sentinel (Vaults:1)
  A torpor snail (Lair:6)
  3 black mambas
  14 cane toads
  A rime drake (Lair:2)
  2 gargoyles
  An unseen horror (D:10)
  A dire elephant skeleton (Lair:6)
  11 yaktaurs
  A freezing wraith (D:15)
  A kobold demonologist (D:11)
  10 komodo dragons
  A queen bee (D:14)
  9 meliai
  8 tyrant leeches
  4 red devils (D:12)
  A wolf spider simulacrum (D:15)
  A merfolk (D:15)
  5 trolls
  6 polar bears
  12 slime creatures
  2 hornets
  11 dream sheep
  13 blink frogs (Lair:5)
  A slime creature (shapeshifter) (D:14)
  2 spectral elephants (Lair:6)
  Sigmund (D:3)
  A centaur simulacrum (D:15)
  A water elemental (Elf:1)
  A spriggan (shapeshifter) (D:15)
  3 fire bats (Lair:2)
  4 wraiths (Orc:2)
  3 wyverns
  2 fire elementals (Elf:1)
  19 yaks
  2 steam dragons
  4 basilisks
  2 death yak simulacra (Lair:6)
  4 nagas (Lair:4)
  5 vampire mosquitoes
  16 swamp worms
  2 acid dragons (D:12)
  A spectral cane toad (Lair:6)
  A warg (D:9)
  9 water moccasins
  6 swamp drakes (Swamp:4)
  A black bear (Lair:1)
  31 orc warriors
  2 sky beasts
  3 ice beasts
  12 ogres
  2 boggarts (Vaults:1)
  8 centaurs
  5 wolves (Lair:1)
  A phantom (D:6)
  5 kobold brigands
  21 bullfrogs
  An earth elemental (Elf:1)
  2 scorpions
  A water moccasin zombie (D:5)
  2 water moccasin skeletons
  25 killer bees
  An elephant simulacrum (Lair:6)
  5 wights (D:6)
  3 electric eels
  3 howler monkeys
  A bullfrog zombie (D:6)
  10 centaur zombies
  3 human zombies (Ossuary)
  3 jellies (D:4)
  22 orc priests
  3 hounds
  A centaur skeleton (D:5)
  A gnoll shaman (D:3)
  5 iguanas (D:5)
  26 orc wizards
  5 hell rats (Lair:3)
  A hound zombie (Ossuary)
  6 mummies
  A howler monkey zombie (D:10)
  Robin (D:3)
  6 gnolls
  6 adders
  8 river rats (D:6)
  A shadow imp (D:6)
  A white imp (D:7)
  An ufetubus (D:6)
  2 adder zombies (Ossuary)
  2 dart slugs (D:1)
  74 orcs
  15 endoplasms
  4 giant cockroaches
  16 goblins
  8 hobgoblins
  15 jackals
  32 kobolds
  7 quokkas
  6 ball pythons
  4 bats
  A frilled lizard (D:1)
  2 goblin zombies (Ossuary)
  5 hobgoblin zombies (Ossuary)
  3 jackal zombies (Ossuary)
  4 kobold zombies (Ossuary)
  4 orc zombies (Ossuary)
  3 quokka zombies (Ossuary)
  14 rats
  3 rat zombies (Ossuary)
  A spectral goblin (D:2)
889 creatures vanquished.

Vanquished Creatures (collateral kills)
  Jorgrun (D:12)
  Gastronok (D:8)
  A fenstrider witch (Swamp:4)
  An ettin (Orc:1)
  Erolcha (D:10)
  A two-headed ogre (D:11)
  A bog body (Swamp:4)
  A deep elf zephyrmancer (Elf:1)
  2 orc knights (Orc:2)
  An orc sorcerer (Orc:2)
  A deep elf pyromancer (Elf:1)
  A centaur zombie (D:11)
  Psyche (D:8)
  A troll (D:10)
  A meliai zombie (D:10)
  A wraith (D:12)
  A steam dragon (D:10)
  An orc warrior (D:8)
  A centaur (D:9)
  A kobold brigand (D:11)
  A bullfrog (D:8)
  2 orc priests (Orc:1)
  7 orcs
  3 kobolds (D:11)
34 creatures vanquished.

Vanquished Creatures (others)
  A deep elf zephyrmancer (Elf:1)
  2 bloated husks
  49 foxfires
  42 fungi
  51 plants
  12 toadstools
  24 withered plants
181 creatures vanquished.

Grand Total: 1104 creatures vanquished

Notes
Turn   | Place    | Note
-------+----------+-------------------------------------------
     0 | D:1      | Spaninq the Draconian Berserker began the quest for the
                  | Orb.
     0 | D:1      | Reached XP level 1. HP: 19/19 MP: 1/1
   229 | D:1      | Reached XP level 2. HP: 26/26 MP: 2/2
   631 | D:1      | Reached ** piety under Trog
   988 | D:2      | Reached XP level 3. HP: 33/33 MP: 3/3
  1309 | D:2      | Found a faded altar of an unknown god.
  1976 | D:3      | Reached XP level 4. HP: 33/40 MP: 4/4
  2075 | D:3      | Noticed Sigmund
  2086 | D:3      | Killed Sigmund
  2087 | D:3      | Reached skill level 5 in Long Blades
  2087 | D:3      | Reached XP level 5. HP: 47/47 MP: 5/5
  2236 | D:3      | Reached XP level 6. HP: 14/53 MP: 6/6
  2543 | D:3      | Noticed Robin
  2607 | D:3      | Killed Robin
  3012 | D:4      | Found a sand-covered staircase.
  3017 | Ossuary  | Entered an ossuary
  3038 | Ossuary  | Reached *** piety under Trog
  3364 | Ossuary  | Reached skill level 5 in Fighting
  3661 | Ossuary  | Your scales start taking on a golden yellow colour.
  3661 | Ossuary  | Reached XP level 7. HP: 58/61 MP: 7/7
  3661 | Ossuary  | Gained mutation: You are resistant to acid. (rCorr) [Yellow
                  | Draconian growth]
  3850 | D:4      | Found a staircase to the Ecumenical Temple.
  4251 | D:4      | Reached **** piety under Trog
  5015 | D:5      | Entered Level 5 of the Dungeon
  5451 | D:5      | Reached skill level 5 in Dodging
  5451 | D:5      | Reached XP level 8. HP: 53/70 MP: 8/8
  5870 | D:5      | Reached ***** piety under Trog
  6140 | D:6      | Identified the +9 short sword "Uroidiuh" {pain, rCorr Int+4
                  | Dex+4}
  6554 | D:6      | Found an opulent altar of Gozag.
  6670 | D:6      | Noticed a deep elf zephyrmancer
  6677 | D:6      | Killed a deep elf zephyrmancer
  7099 | D:6      | Reached XP level 9. HP: 49/77 MP: 9/9
  8372 | D:7      | Found an ornate altar of the Wu Jian Council.
  8533 | D:7      | Identified the +6 long sword of Day {antimagic, *Noise
                  | rCorr Str+8} (Trog gifted it to you on level 7 of the
                  | Dungeon)
  8533 | D:7      | Received a gift from Trog
  8841 | D:7      | Found a hazy altar of Hepliaklqana.
  9195 | D:8      | Reached skill level 10 in Long Blades
  9282 | D:8      | Noticed a two-headed ogre
  9285 | D:8      | Killed a two-headed ogre
  9287 | D:8      | Noticed Psyche
  9290 | D:8      | Killed Psyche
  9380 | D:8      | Noticed Gastronok
  9392 | D:8      | Reached XP level 10. HP: 90/90 MP: 3/10
  9403 | D:8      | Killed Gastronok
  9887 | D:8      | You fall into a shaft and drop 2 floors!
  9887 | D:10     | Entered Level 10 of the Dungeon
  9912 | D:10     | Noticed Erolcha
  9916 | D:10     | Killed Erolcha
 10210 | D:10     | Noticed a gargoyle
 10224 | D:9      | Found a staircase to the Orcish Mines.
 10249 | D:9      | Identified the +3 buckler "Byinox" {Contam Int+4 Dex+3}
 10485 | D:8      | Identified the +5 ring mail of Tomorrow {rN+ Regen+}
 10600 | D:9      | Reached skill level 1 in Shields
 10728 | D:9      | Found an iron altar of Okawaru.
 11026 | D:10     | Found a sparkling altar of Nemelex Xobeh.
 11121 | D:10     | Killed a gargoyle
 11243 | D:10     | Found the +3 pair of seven-league boots {Rampage+∞}
 11380 | D:10     | Reached XP level 11. HP: 92/99 MP: 2/11
 11387 | D:10     | Reached skill level 10 in Fighting
 11851 | D:10     | Found a staircase to the Lair.
 12011 | D:11     | Noticed Snorg
 12012 | D:11     | Noticed a two-headed ogre
 12014 | D:11     | Noticed a boulder beetle
 12017 | D:11     | Killed Snorg
 12022 | D:11     | Killed a two-headed ogre
 12034 | D:11     | Killed a boulder beetle
 12172 | D:11     | Noticed a two-headed ogre
 12178 | D:11     | Killed a two-headed ogre
 12402 | D:11     | Noticed a red ugly thing
 12428 | D:11     | Killed a red ugly thing
 12568 | D:11     | Noticed a two-headed ogre
 12586 | D:11     | Killed a two-headed ogre
 12851 | D:12     | Noticed a six-headed hydra
 12967 | Lair:1   | Entered Level 1 of the Lair of Beasts
 13028 | Lair:1   | Reached skill level 5 in Shields
 13819 | Lair:1   | Found the ring of Shadows {Umbra +Inv Stlth+}
 13833 | Lair:1   | Reached XP level 12. HP: 110/110 MP: 4/12
 14780 | Lair:2   | Noticed a seven-headed hydra
 15862 | Lair:3   | Noticed a five-headed hydra
 16050 | Orc:1    | Entered Level 1 of the Orcish Mines
 16228 | Orc:1    | Noticed an ettin
 16243 | Orc:1    | Killed an ettin
 16622 | Orc:1    | Found Kemucix's Jewellery Shoppe.
 16708 | Orc:2    | Entered Level 2 of the Orcish Mines
 16753 | Orc:2    | Noticed a two-headed ogre
 16756 | Orc:1    | Received a gift from Trog
 16989 | Orc:1    | Killed a two-headed ogre
 16990 | Orc:1    | Reached skill level 15 in Long Blades
 17137 | Orc:2    | Noticed Urug
 17899 | Lair:2   | Killed a four-headed hydra
 18754 | Lair:3   | Killed a one-headed hydra
 18755 | Lair:3   | Reached XP level 13. HP: 90/119 MP: 10/13
 19307 | Lair:4   | Found a staircase to the Snake Pit.
 20156 | Lair:5   | Found a viscous altar of Jiyva.
 20156 | Lair:5   | Found a staircase to the Slime Pits.
 20169 | Lair:5   | Noticed Sonja
 20177 | Lair:5   | Killed Sonja
 20533 | Lair:5   | Found a frozen archway.
 20673 | Lair:5   | Received a gift from Trog
 20856 | Lair:5   | Found a runed translucent gate.
 20856 | Lair:5   | Found a runed translucent gate.
 20856 | Lair:5   | Found a runed translucent gate.
 20860 | Lair:5   | Noticed Ceusitew's ghost (journeyman TrMo)
 22341 | D:12     | Noticed Jorgrun
 22389 | D:12     | Killed Jorgrun
 23219 | D:13     | Noticed a ghoul
 23460 | D:13     | Gained mutation: You have acidic saliva. [Yellow Draconian
                  | growth]
 23460 | D:13     | Reached XP level 14. HP: 103/130 MP: 11/14
 23470 | D:13     | Reached skill level 10 in Shields
 24382 | Lair:3   | Identified the +2 pair of gloves of the Game of Life {rC+}
 24575 | D:13     | Reached skill level 1 in Evocations
 25000 | D:13     | Killed a ghoul
 25018 | D:13     | Reached skill level 10 in Dodging
 25752 | Orc:2    | Killed Urug
 25910 | Orc:2    | Found Biq Wuwn's Assorted Antiques.
 26059 | Orc:2    | Found a staircase to the Elven Halls.
 26148 | Orc:2    | Noticed Josephine
 26294 | Orc:2    | Killed Josephine
 26593 | Orc:2    | Received a gift from Trog
 26873 | Orc:2    | Paralysed by an orc sorcerer for 3 turns
 27655 | Orc:2    | Found Pofas's Distillery.
 27655 | Orc:2    | Found Lovos's General Store.
 27657 | Orc:2    | Found Kuolicia's Book Shop.
 27657 | Orc:2    | Found Himuirph's Book Shoppe.
 28171 | D:14     | Identified the +1 scale mail of Wemaroon {Int+5}
 29256 | D:14     | Received a gift from Trog
 29260 | D:14     | Reached skill level 5 in Evocations
 30068 | D:15     | Entered Level 15 of the Dungeon
 30078 | D:14     | Reached XP level 15. HP: 121/139 MP: 12/15
 30203 | D:14     | Reached skill level 15 in Fighting
 30775 | D:15     | Found a staircase to the Depths.
 30782 | D:15     | Identified the +1 robe of Evolution {Harm rC+}
 30988 | D:15     | Received a gift from Trog
 31871 | Lair:6   | Entered Level 6 of the Lair of Beasts
 34182 | Lair:2   | Received a gift from Trog
 34234 | Lair:2   | Found a staircase to the Swamp.
 34249 | Swamp:1  | Entered Level 1 of the Swamp
 34249 | Swamp:1  | Noticed a tentacled monstrosity
 34269 | Swamp:1  | Killed a tentacled monstrosity
 34270 | Swamp:1  | Reached XP level 16. HP: 94/151 MP: 12/16
 35377 | Swamp:2  | HP: 7/151 [will-o-the-wisp/foxfire (20)]
 35377 | Swamp:2  | HP: 1/151 [swamp worm (6)]
 37702 | Swamp:4  | Entered Level 4 of the Swamp
 38118 | Swamp:4  | Noticed the 27-headed Lernaean hydra
 39711 | Swamp:4  | Paralysed by a fenstrider witch for 6 turns
 40182 | Swamp:4  | Identified the +7 great sword of Jysmo {vorpal, Fly rF+}
                  | (Trog gifted it to you on level 4 of the Swamp)
 40182 | Swamp:4  | Received a gift from Trog
 41196 | Swamp:4  | Got a decaying rune of Zot
 41537 | D:14     | Paralysed by an orc sorcerer for 5 turns
 41648 | D:14     | Found a gate to the Vaults.
 41793 | D:14     | Identified the +4 short sword "Giuw" {flame, Drain rElec
                  | Dex+2}
 42243 | Snake:1  | Entered Level 1 of the Snake Pit
 42258 | Snake:1  | Reached XP level 17. HP: 43/160 MP: 5/17
 42593 | Lair:4   | Gained mutation: Your spells are a little easier to cast,
                  | but a little less powerful. [mutagenic glow]
 43391 | Depths:1 | Entered Level 1 of the Depths
 43475 | Vaults:1 | Entered Level 1 of the Vaults
 43891 | Elf:1    | Entered Level 1 of the Elven Halls
 44008 | Elf:1    | Found Lolaheunt's Antique Weapon Shoppe.
 44316 | Elf:1    | Found Geshacs's Antique Weapon Shop.
 44325 | Elf:1    | Bought a fine falchion for 256 gold pieces
 44325 | Elf:1    | Identified the +6 falchion "Vehuuroe" {venom, rElec} (You
                  | bought it in a shop on level 1 of the Elven Halls)
 44503 | Elf:1    | Noticed Asterion
 44520 | Elf:1    | Killed Asterion
 44872 | Elf:1    | Found Qunah's Armour Shop.
 44898 | Elf:1    | Bought a +1 cloak of poison resistance for 162 gold pieces
 46774 | Vaults:1 | Paralysed by a sphinx for 4 turns
 46775 | Vaults:1 | HP: 10/241 [deep troll[a boggart] (12)]
 46776 | Vaults:1 | Slain by a deep troll

Illustrated notes

Levels and vault maps discovered:
D:1:      dpeg_chamrin_arrival_tetris, layout_basic, palyth_stone_intersect,
          minivault_5
D:2:      layout_basic, dreamdust_ecumenical_altar_drowned_temple,
          serial_park_tiny_2, minmay_gold_behind_fungi
D:3:      layout_basic, uniq_sigmund, uniq_robin
D:4:      cheibrodos_fertilizer, layout_cave_pools,
          minmay_temple_entry_antechambers,
          nicolae_ossuary_entry_false_entrances
D:5:      layout_basic
D:6:      lemuel_ratsnest, layout_loops_ring,
          nicolae_gozag_cash_rules_everything_around_me, serial_bayou,
          serial_bayou_pond_c, serial_bayou_pond_d, serial_bayou_shore_b,
          serial_bayou_pond_a, guppyfry_early_elven_hall
D:7:      layout_basic, nicolae_wu_jian_immortal_techniques, old_standard_altar
D:8:      layout_rooms, corexii_checkpoint_a, uniq_psyche, uniq_gastronok
D:9:      layout_rooms, mainiacjoe_overflow_small_starburst, orc_0_dummy,
          serial_rivers, chequers_serial_rivers_small_b,
          chequers_serial_rivers_micro_b, chequers_serial_rivers_micro_d,
          chequers_serial_rivers_marsh, chequers_serial_rivers_room_a
D:10:     layout_rooms, nemelex_spade_bored_becter, erik_lair_dragon,
          uniq_erolcha
D:11:     layout_roguey, uniq_snorg
D:12:     layout_stronghold, einodemon_armed_red_devil_minivault, uniq_jorgrun
D:13:     layout_roguey [special_room_orc], serial_undead, serial_undead_f,
          serial_undead_e, serial_undead_f, serial_undead_f, serial_undead_d
D:14:     layout_loops_ring, grunt_vaults_entry_fortified, serial_glass,
          glass_columns_b, glass_columns_a, roderic_three_in_a_row, special_room
          [special_room_bee], item_on_display_a
D:15:     hangedman_depths_entry_try_elsewhere_first, layout_long_grid,
          serial_bayou_pond_b, minivault_12
Lair:1:   layout_roguey, st_stairs_7, gammafunk_lair_bear_cave
Lair:2:   layout_regular_city, nicolae_swamp_entry_splash_gauntlet,
          nicolae_volcano_entry_batcave, serial_bayou_shore_b,
          serial_bayou_shore_b
Lair:3:   layout_cave_pods, beast_lair_carwin_8, grunt_megastairs_1
Lair:4:   layout_layer_cave, minmay_snake_entry_guardpost_small, st_stairs_4,
          lemuel_fruit_fields
Lair:5:   layout_misc_corridors, slime_altar_1, ebering_ghost_rock_garden,
          portal_ice_cave_entry_pillars_1, uniq_sonja
Lair:6:   due_jungle_book, layout_concentric_octagons, minmay_lair_oklob_chamber
Swamp:1:  layout_basic_swamp, nicolae_swamp_feature_on_the_river_bank
Swamp:2:  layout_basic_swamp, nicolae_swamp_tree_designs
Swamp:3:  layout_basic_swamp, evilmike_swamp_ruin_house_4, swamp_pool4
Swamp:4:  swamp, layout_basic_swamp, swamp_pool2, nicolae_swamp_spooky_pond,
          infiniplex_staircase_pool
Snake:1:  layout_rooms, serial_bayou_shore_a, minmay_shop_grove,
          grunt_megastairs_5, uniq_nikola
Orc:1:    layout_caves, serial_shops, nicolae_diamond_shop
Orc:2:    grunt_orc_tribal_feast, layout_diamond_mine, serial_shops, shop,
          uniq_urug, uniq_josephine
Elf:1:    layout_geoelf_grid, serial_shops, nicolae_diamond_shop,
          nicolae_shop_stone, nicolae_shop_trees, kennysheep_underground_church,
          uniq_asterion
Vaults:1: nicolae_vaults_network_quincunx
          [nicolae_vaults_network_quincunx_subvault,
          nicolae_vaults_network_quincunx_subvault,
          nicolae_vaults_network_quincunx_subvault,
          nicolae_vaults_network_quincunx_subvault,
          nicolae_vaults_network_quincunx_subvault],
          nicolae_vaults_disjoint_gnomons, nicolae_vaults_what_the_h,
          nicolae_vaults_alarming, vaults_room_pool, v_pattern_5,
          vaults_room_fancy_cross, v_misc_17, vaults_mumra_lcd,
          nicolae_vaults_specimen_jars, vaults_dpeg_ring,
          vaults_mumra_minichess, layout_vaults_omnibox
Depths:1: layout_honeycomb, hellmouth_3, minmay_misc_feat_room,
          nicolae_shop_gadgets, uniq_bai_suzhen

Skill      XL: |  1  2  3  4  5  6  7  8  9 10 11 12 13 14 15 16 17 |
---------------+----------------------------------------------------+-----
Dodging        | 3 4 5 6 7 8 9 11 12 13 | 13.2
Long Blades    | 4 5 6 7 8 10 12 13 15 16 17 | 17.5
Fighting       | 4 5 6 7 8 9 11 12 13 14 15 16 17 | 17.0
Shields        | 2 5 7 9 11 12 13 | 13.8
Evocations     | 5 8 |  8.0

Action                   |  1- 3 |  4- 6 |  7- 9 | 10-12 | 13-15 | 16-18 || total
-------------------------+-------+-------+-------+-------+-------+-------++-------
Melee: Falchion          |   137 |   204 |   232 |       |       |       ||   573
       Tailslap          |    22 |    53 |    86 |   169 |   384 |   240 ||   954
       Scimitar          |       |       |   151 |    20 |  1481 |   959 ||  2611
       Long sword        |       |       |    34 |   631 |    73 |       ||   738
       Bite              |       |       |       |       |   241 |   156 ||   397
Invok: Berserk           |       |     1 |     2 |     1 |     1 |     6 ||    11
       Trog's Hand       |       |     1 |     1 |     1 |     3 |     5 ||    11
       Brothers in Arms  |       |       |     1 |     6 |     3 |     5 ||    15
 Abil: Breathe Acid      |       |       |    12 |     6 |    17 |     6 ||    41
Evoke: Wand              |       |       |       |       |     4 |     3 ||     7
       Lightning rod     |       |       |       |       |       |     1 ||     1
  Use: Scroll            |       |       |    15 |    13 |     1 |     3 ||    32
       Potion            |       |       |       |       |     2 |    13 ||    15
 Stab: Sleeping          |     1 |       |       |     1 |     5 |     2 ||     9
       Distracted        |       |       |       |     1 |       |       ||     1
       Petrified         |       |       |       |       |    10 |       ||    10
Armor: Skin              |    62 |    72 |   102 |    86 |   284 |   266 ||   872
Dodge: Dodged            |    95 |   101 |   221 |   377 |   915 |   516 ||  2225
Block: Buckler           |       |       |       |   157 |   546 |   275 ||   978
       Kite shield       |       |       |       |       |       |   173 ||   173
       Rpst.: Falchion   |    33 |    38 |    48 |       |       |       ||   119
       Scimitar          |       |       |    22 |     3 |   180 |    99 ||   304
       Long sword        |       |       |    10 |    91 |    14 |       ||   115

Table legend: (Time is in decaauts)
 A = Elapsed time spent in this place.
 B = Non-inter-level travel time spent in this place.
 C = Inter-level travel time spent in this place.
 D = Time resting spent in this place.
 E = Time spent auto-exploring this place.
 F = Levels seen in this place.
 G = Mean time per level.
                   A        B        C        D        E       F      G
               +--------+--------+--------+--------+--------+-----+--------+
         Total |  46350 |  42799 |   3551 |  15587 |  18812 |  32 | 1448.4 |
       Dungeon |  21987 |  19638 |   2349 |   6134 |   9683 |  15 | 1465.8 |
          Lair |  10049 |   9335 |    714 |   1787 |   5754 |   6 | 1674.8 |
         Swamp |   7105 |   6922 |    183 |   4129 |   1758 |   4 | 1776.2 |
     Snake Pit |     25 |     25 |      0 |      0 |      0 |   1 |   25.0 |
  Orcish Mines |   3758 |   3491 |    267 |   1742 |    835 |   2 | 1879.0 |
   Elven Halls |   2226 |   2192 |     34 |   1145 |    644 |   1 | 2226.0 |
        Vaults |    401 |    401 |      0 |    173 |    105 |   1 |  401.0 |
        Depths |      8 |      8 |      0 |      0 |      0 |   1 |    8.0 |
       Ossuary |    787 |    787 |      0 |    475 |     32 |   1 |  787.0 |
               +--------+--------+--------+--------+--------+-----+--------+

Top non-repeatable levels by time:
    D:14: 3055 daAuts
 Swamp:2: 2384 daAuts
    D:13: 2237 daAuts
   Elf:1: 2226 daAuts
    D:10: 2175 daAuts
    D:12: 2116 daAuts
  Lair:6: 2107 daAuts
  Lair:4: 2084 daAuts
  Lair:2: 2042 daAuts
   Orc:2: 1961 daAuts
 Swamp:3: 1907 daAuts
     D:6: 1802 daAuts
   Orc:1: 1797 daAuts
 Swamp:4: 1724 daAuts
  Lair:3: 1386 daAuts
